 Dungeon Crawl Stone Soup version 0.26-a0-180-ge96aa7da28 (webtiles) character file.

Game seed: 17140607782791195963

182 gruber the Firebug (level 5, -22/38 HPs)
             Began as a Demigod Fire Elementalist on July 3, 2020.
             Engulfed by Ijyb's freezing vapour (30 damage)
             ... on level 3 of the Dungeon.
             The game lasted 00:03:54 (4148 turns).

gruber the Firebug (Demigod Fire Elementalist)      Turns: 4148, Time: 00:03:54

Health: -22/38     AC:  2    Str: 11    XL:     5   Next: 12%
Magic:  7/10       EV: 12    Int: 21    God:
Gold:   119        SH:  0    Dex: 16    Spells: 6/7 levels left

rFire    . . .     SeeInvis .   (no weapon)
rCold    . . .     Faith    .   (no shield)
rNeg     . . .     Spirit   .   a - +0 robe
rPois    .         Reflect  .   (no helmet)
rElec    .         Harm     .   (no cloak)
rCorr    .                      (no gloves)
MR       .....                  (no boots)
Stlth    ++........             (no amulet)
HPRegen  0.12/turn              (no ring)
MPRegen  0.12/turn              (no ring)

@: no status effects
A: high mp 1
a: no special abilities


You were on level 3 of the Dungeon.
You were not hungry.

You visited 1 branch of the dungeon, and saw 3 of its levels.

You collected 119 gold pieces.

Inventory:

Armour
 a - a +0 robe (worn)
Scrolls
 d - 2 scrolls of noise {unknown}
 f - 4 scrolls of teleportation {unknown}
 g - a scroll of magic mapping {unknown}
 h - 3 scrolls of identify {unknown}
Potions
 b - a potion of degeneration {unknown}
 e - 2 potions of haste {unknown}
 i - a potion of mutation {unknown}
Comestibles
 c - 4 rations
 j - 2 chunks of flesh


   Skills:
 - Level 1.7 Dodging
 - Level 1.7 Stealth
 - Level 1.7 Spellcasting
 * Level 3.6 Conjurations
 + Level 4.2 Fire Magic


You had 6 spell levels left.
You knew the following spells:

 Your Spells              Type           Power        Failure   Level  Hunger
a - Foxfire               Conj/Fire      ###.         3%          1    #......

Your spell library contained the following spells:

 Spells                   Type           Power        Failure   Level  Hunger
 Conjure Flame            Conj/Fire      ###.....     9%          3    ###....
 Inner Flame              Hex/Fire       ##......     19%         3    ###....
 Sticky Flame             Conj/Fire      ###.....     30%         4    #####..
 Fireball                 Conj/Fire      ###.......   63%         5    ######.


Dungeon Overview and Level Annotations

Branches:
Dungeon (3/15)

Annotations:
D:3 Ijyb, Robin


Innate Abilities, Weirdness & Mutations

You have an increased reservoir of magic. (+10% MP)


Message History

Casting: Foxfire (safe; 3% risk of failure)
Confirm with . or Enter, or press ? or * to list all spells.
You conjure some foxfire!
Ijyb zaps a wand.
Ijyb creates a blast of freezing vapour!
Casting: Foxfire (safe; 3% risk of failure)
Confirm with . or Enter, or press ? or * to list all spells.
Nothing appears to happen.
You are engulfed in freezing vapours.
Ouch! That really hurt!
* * * LOW HITPOINT WARNING * * *
The foxfire hits Ijyb.
Ijyb is lightly wounded.
The foxfire hits Ijyb but does no damage.
Ijyb is lightly wounded.
Ijyb hits you with a +0 club.
* * * LOW HITPOINT WARNING * * *
Casting: Foxfire (safe; 3% risk of failure)
Confirm with . or Enter, or press ? or * to list all spells.
You conjure some foxfire!
You are engulfed in freezing vapours.
Ouch! That really hurt!
You die...

.... .. # .. #
#.###########
#.#.........#
#.#.#######.# #.#
#.#.# #.# #.# #.#v#
#.# #.# #.g@# #.# #.#
###v# #.# #.# #.# #.#
#.# #.#######.# #.#
#.........# #.####
########....####.....
........)..........#.
########..#.######.#.
#..#.# #.#.


You could see Ijyb.

Vanquished Creatures
  7 gnolls (D:2)
  2 adders
  4 oozes
  2 worms (D:2)
  3 leopard geckos
  4 orcs (D:3)
  2 giant cockroaches
  9 goblins
  9 hobgoblins
  3 jackals (D:3)
  7 kobolds
  A ball python (D:2)
  11 bats
  2 frilled lizards
  5 rats
71 creatures vanquished.

Vanquished Creatures (others)
  336 foxfires
336 creatures vanquished.

Grand Total: 407 creatures vanquished

Notes
Turn   | Place    | Note
-------+----------+-------------------------------------------
     0 | D:1      | gruber the Demigod Fire Elementalist began the quest for
                  | the Orb.
     0 | D:1      | Reached XP level 1. HP: 14/14 MP: 5/5
    42 | D:1      | Reached skill level 1 in Conjurations
   107 | D:1      | Reached skill level 3 in Fire Magic
   264 | D:1      | Reached XP level 2. HP: 19/20 MP: 2/7
  1280 | D:2      | Reached XP level 3. HP: 26/26 MP: 1/8
  1916 | D:2      | Reached XP level 4. HP: 33/33 MP: 5/9
  2354 | D:2      | Found a faded altar of an unknown god.
  2635 | D:2      | Found a shimmering altar of Xom.
  2695 | D:2      | Reached skill level 4 in Fire Magic
  2818 | D:3      | Identified the +2 helmet of Defiance {rElec rF+ rN+ Slay-4}
  2818 | D:3      | Noticed Robin
  3613 | D:3      | Reached XP level 5. HP: 38/38 MP: 7/10
  4144 | D:3      | Noticed Ijyb
  4148 | D:3      | Engulfed by Ijyb's freezing vapour

Illustrated notes

Levels and vault maps discovered:
D:1:      lightli_arrival_noodles, layout_basic
D:2:      layout_basic, chequers_ecumenical_altar_simple_redux,
          brannock_xom_greatest_gift
D:3:      layout_loops_ring, uniq_ijyb, uniq_robin

Skill      XL: |  1  2  3  4 |
---------------+-------------+-----
Conjurations   | 1 2 3 |  3.6
Fire Magic     | 3 4 |  4.2
Dodging        | |  1.7
Stealth        | |  1.7
Spellcasting   | |  1.7

Action                   |  1- 3 |  4- 6 || total
-------------------------+-------+-------++-------
Melee: Unarmed           |     9 |     2 ||    11
 Cast: Foxfire           |   110 |   111 ||   221
  Eat: Chunk             |     1 |     8 ||     9
       Ration            |     1 |       ||     1
Armor: Robe              |     5 |     3 ||     8
Dodge: Dodged            |    23 |    21 ||    44

Table legend:
 A = Non-vault XP
 B = Vault XP
 C = Vault XP percentage of total XP
 D = Non-vault monster count
 E = Vault monster count
 F = Vault count percentage of total count
                 A         B        C        D         E       F
            +---------+---------+-------+---------+---------+-------
      Total |     253 |       7 |   2.7 |      67 |       4 |   5.6
            +---------+---------+-------+---------+---------+-------
        D:1 |      38 |       0 |   0.0 |      18 |       0 |   0.0
        D:2 |     172 |       4 |   2.3 |      33 |       2 |   5.7
        D:3 |      43 |       3 |   6.5 |      16 |       2 |  11.1
            +---------+---------+-------+---------+---------+-------
